 Dungeon Crawl Stone Soup version 0.30-a0-860-g512cf1e979 (webtiles) character file.

Game seed: 15404956564868609257

93 112233 the Stinger (level 4, -2/36 HPs)
             Began as a Naga Venom Mage on Mar 8, 2023.
             Slain by a phantom (5 damage)
             ... on level 5 of the Dungeon.
             The game lasted 00:03:39 (2732 turns).

112233 the Stinger (Naga Venom Mage)                Turns: 2732, Time: 00:03:39

Health: -2/36      AC:  4    Str: 11    XL:     4   Next: 61%
Magic:  9/9        EV:  9    Int: 17    God:
Gold:   91         SH:  0    Dex: 11    Spells: 6/9 levels left

rFire   . . .      SeeInvis +    (no weapon)
rCold   . . .      Faith    .    (no shield)
rNeg    . . .      Spirit   .    a - +0 robe
rPois   +          Reflect  .    (no helmet)
rElec   .          Rampage  .    o - +0 cloak
rCorr   .                        n - +0 pair of gloves
Will    .....                    (no barding)
Stlth   ++                       (no amulet)
HPRegen 0.26/turn                (no ring)
MPRegen 0.11/turn                (no ring)

@: very slow
A: AC +1, large, see invisible, deformed body, poison resistance, slowness 2,
spit poison 1, naga tail 1
a: Spit Poison


You were on level 5 of the Dungeon.
You visited 1 branch of the dungeon, and saw 5 of its levels.

You collected 91 gold pieces.

Inventory:

Armour
 a - a +0 robe (worn)
 n - a +0 pair of gloves (worn)
 o - a +0 cloak (worn)
Jewellery
 p - a ring of poison resistance
Scrolls
 f - a scroll of enchant weapon {unknown}
 i - a scroll of blinking {unknown}
 l - a scroll of magic mapping {unknown}
 m - a scroll of amnesia {unknown}
Potions
 b - a potion of magic
 c - a potion of brilliance {unknown}
 d - a potion of attraction {unknown}
 e - a potion of might {unknown}
 g - a potion of haste {unknown}
 j - 2 potions of lignification {unknown}
 k - a potion of curing {unknown}


   Skills:
 - Level 1.6 Dodging
 - Level 3.0 Stealth
 + Level 3.3 Spellcasting
 - Level 1.0 Transmutations
 + Level 5.5 Poison Magic


You had 6 spell levels left.
You knew the following spells:

 Your Spells              Type           Power      Damage    Failure   Level
a - Sting                 Tmut/Pois      56%        1d5       4%          1
b - Poisonous Vapours     Pois/Air       24%        N/A       9%          2

Your spell library contained the following spells:

 Spells                   Type           Power      Damage    Failure   Level
 Olgreb's Toxic Radiance  Pois           21%        N/A       17%         4
 Mephitic Cloud           Conj/Pois/Air  9%         N/A       24%         3


Dungeon Overview and Level Annotations

Branches:
Dungeon (6/15)
 Temple: D:4-7

Altars:
Cheibriados
Nemelex Xobeh
Xom

Shops:
D:5 :


Innate Abilities, Weirdness & Mutations

Your serpentine skin is tough. (AC +1)
You have supernaturally acute eyesight. (SInv)
Armour fits poorly on your strangely shaped body.
Your system is resistant to poisons. (rPois)
You cover ground very slowly.
You can spit poison.
You have a snake-like lower body.


Message History

The phantom hits you.
Unknown command.
The phantom attacks as you move away! The phantom barely misses you.
Your surroundings suddenly seem different.
Found Dots's Self-Improvement Boutique.
Found an escape hatch in the floor.
You start resting.
A phantom is nearby!
Found a stone staircase leading up.
There is an escape hatch in the floor here.
You see here 4 stones.
The phantom attacks as you move away! The phantom closely misses you.
The phantom hits you.
The phantom blinks!
You blink.
An orc priest, an orc and a phantom come into view.
Found a spear.
An orc comes into view. It is wielding a +0 hand axe.
Why would you want to do that?
An orc comes into view. It is wielding a +0 club.
Found 8 gold pieces.
An orc comes into view. It is wielding a +2 heavy falchion.
The orc shouts!
You hear a shout! x2
An orc comes into view. It is wielding a +0 vampiric whip.
The phantom hits you. The phantom barely misses you.
The phantom closely misses you.
An orc priest and an orc come into view.
The orc shouts!
The orc priest shouts!
The orc shouts!
You hear a shout!
An orc comes into view. It is wielding a +0 club.
The phantom hits you.
The orc priest invokes the aid of Beogh against you.
Beogh smites you! The orc barely misses you. The phantom hits you.
* * * LOW HITPOINT WARNING * * *
The phantom blinks!
You blink.
The phantom hits you.
* * * LOW HITPOINT WARNING * * *
The phantom blinks!
You blink.
The orc hits you with a +0 club.
* * * LOW HITPOINT WARNING * * *
The orc hits you with a +0 club.
* * * LOW HITPOINT WARNING * * *
Unknown command.
The phantom attacks as you move away! The phantom hits you.
You die...

#.## #...# ..# #...#
######.# #...####
#...##.###......#
#....#....>(.##.#
#.......##...##.#
#......#≈≈.≈≈##.######
#......≈≈≈.≈≈≈.W.....##
#.....#≈≈≈.≈≈≈.o@o....#
......#...∩..W§o.o.....#
.....##≈≈≈.≈≈≈oooo.....#
.>....#≈≈≈.≈≈≈...o.....#
......##≈≈.≈≈.....$....#
......##.......).......#
...)..###.............##
......####.....#.....##
.......####.##########


You could see 2 phantoms, 2 orc priests and 7 orcs.

Vanquished Creatures
  An orc wizard (D:5)
  2 adders
  A shadow imp (D:5)
  A dart slug (D:1)
  An orc (D:5)
  2 ball pythons
  6 bats
  An endoplasm (D:1)
  2 giant cockroaches (D:2)
  6 goblins
  3 hobgoblins
  3 kobolds (D:2)
  A quokka (D:1)
  4 frilled lizards
  4 rats
38 creatures vanquished.

Notes
Turn   | Place    | Note
-------+----------+-------------------------------------------
     0 | D:1      | 112233 the Naga Venom Mage began the quest for the Orb.
     0 | D:1      | Reached XP level 1. HP: 15/15 MP: 3/3
   276 | D:1      | Reached XP level 2. HP: 20/22 MP: 0/5
   371 | D:1      | Learned a level 2 spell: Poisonous Vapours
  1111 | D:2      | Reached XP level 3. HP: 28/28 MP: 1/6
  1686 | D:2      | Reached skill level 5 in Poison Magic
  1894 | D:2      | Found a faded altar of an unknown god.
  2406 | D:3      | You fall into a shaft and drop 2 floors!
  2406 | D:5      | Entered Level 5 of the Dungeon
  2425 | D:5      | Reached XP level 4. HP: 34/36 MP: 3/8
  2581 | D:5      | Noticed a phantom
  2585 | D:6      | Found a shimmering altar of Xom.
  2585 | D:6      | Found a sparkling altar of Nemelex Xobeh.
  2586 | D:6      | Found a snail-covered altar of Cheibriados.
  2664 | D:6      | Noticed an ice beast
  2674 | D:5      | Found Dots's Self-Improvement Boutique.
  2725 | D:5      | Noticed a phantom
  2732 | D:5      | Slain by a phantom

Illustrated notes

Levels and vault maps discovered:
D:1:      mainiacjoe_arrival_reflecting_pool, layout_basic
D:2:      layout_basic, hellmonk_ecumenical_altar_pennies_from_heaven,
          chequers_big_river
D:3:      layout_loops_corners, lemuel_doored_altar, gammafunk_ghost_cemetery,
          kennysheep_boxes, uniq_sigmund
D:5:      layout_rooms, mainiacjoe_overflow_alcove_2, marbit_many_paths,
          nicolae_shop_self_help
D:6:      layout_cave_pools, amcnicky_altar_gilded,
          chequers_temple_overflow_statue_of_worship, minmay_gold_behind_fungi

Skill      XL: |  1  2  3 |
---------------+----------+-----
Poison Magic   | 5 |  5.5
Spellcasting   | 3 |  3.3
Dodging        | |  1.6
Stealth        | |  3.0
Transmutations | |  1.0

Action                     |  1- 3 |  4- 6 || total
---------------------------+-------+-------++-------
  Melee: Unarmed           |     7 |     6 ||    13
   Cast: Sting             |    37 |    12 ||    49
         Poisonous Vapours |    21 |     1 ||    22
Ability: Spit Poison       |     5 |       ||     5
    Use: Scroll            |       |     1 ||     1
 Armour: Robe              |    11 |     5 ||    16
  Dodge: Dodged            |    20 |     8 ||    28

Table legend: (Time is in decaauts)
 A = Elapsed time spent in this place.
 B = Non-inter-level travel time spent in this place.
 C = Inter-level travel time spent in this place.
 D = Time resting spent in this place.
 E = Time spent auto-exploring this place.
 F = Levels seen in this place.
 G = Mean time per level.
                   A        B        C        D        E       F      G
               +--------+--------+--------+--------+--------+-----+--------+
         Total |   3327 |   3178 |    149 |     75 |   2756 |   5 |  665.4 |
       Dungeon |   3327 |   3178 |    149 |     75 |   2756 |   5 |  665.4 |
               +--------+--------+--------+--------+--------+-----+--------+

Top non-repeatable levels by time:
     D:2: 1619 daAuts
     D:1: 1348 daAuts
     D:5: 269 daAuts
     D:6: 90 daAuts
